 Dungeon Crawl Stone Soup version 0.31-a0-214-gb37851dbb3 (webtiles) character file.

Game seed: 12217096885426242854

66 qw the Shooter (level 4, -1/26 HPs)
             Began as a Gargoyle Hexslinger on July 1, 2023.
             Slain by Sigmund
             ... wielding a +0 scythe
              (4 damage)
             ... on level 2 of the Dungeon.
             The game lasted 00:00:26 (948 turns).

qw the Shooter (Gargoyle Hexslinger)                 Turns: 948, Time: 00:00:26

Health: -1/26      AC: 10    Str: 12    XL:     4   Next: 15%
Magic:  5/5        EV: 12    Int: 13    God:
Gold:   145        SH:  0    Dex: 14    Spells: 4/5 levels left

rFire   . . .        Y - +1 sling
rCold   . . .        (no shield)
rNeg    + . .        c - +0 robe
rPois   inf          d - +0 helmet
rElec   +            (no cloak)
rCorr   .            (no gloves)
SInv    .            (no boots)
Will    .....        (no amulet)
Stlth   +            f - +4 ring of protection
HPRegen 0.24/turn    (no ring)
MPRegen 0.09/turn

%: no passive effects
@: no status effects
A: sickness immunity, AC +3, negative energy resistance 1, electricity
resistance, torment resistance 1, petrification resistance
a: no special abilities


You were on level 2 of the Dungeon.
You visited 1 branch of the dungeon, and saw 2 of its levels.

You collected 145 gold pieces.


Innate Abilities, Weirdness & Mutations

You are immune to sickness and miasma.
Your stone body is resilient. (AC +3)
You are immune to poison.
You resist negative energy. (rN+)
You are resistant to electric shocks. (rElec)
You are resistant to unholy torment.
You are immune to petrification.


   Skills:
 - Level 2.0 Fighting
 + Level 4.0 Ranged Weapons
 - Level 1.5 Dodging
 - Level 1.0 Spellcasting
 - Level 2.6 Hexes


You had 4 spell levels left.
You knew the following spells:

 Your Spells              Type           Power      Damage    Failure   Level
a - Slow                  Hex            28%        N/A       10%         1

Your spell library contained the following spells:

 Spells                   Type           Power      Damage    Failure   Level
 Inner Flame              Hex/Fire       4%         N/A       43%         3
 Portal Projectile        Hex/Tloc       8%         N/A       43%         3
 Cause Fear               Hex            3%         N/A       67%         4

Inventory:

Hand Weapons
 Y - a +1 sling (weapon)
Armour
 c - a +0 robe (worn)
 d - a +0 helmet (worn)
 e - a +0 leather armour
Jewellery
 b - a ring of protection from cold
 f - a +4 ring of protection (left hand)
Scrolls
 a - a scroll of vulnerability {unknown}
 h - a scroll of fear {unknown}
Potions
 g - 2 potions of ambrosia {unknown}

Dungeon Overview and Level Annotations

Branches:
Dungeon (2/15)

Altars:

Annotations:
D:2 1 runed translucent door, Crazy Yiuf, Sigmund


Message History

You shoot a sling bullet. The sling bullet hits Sigmund.
Sigmund is lightly wounded.
Sigmund points at you and mumbles some strange words.
You are confused.
Sigmund casts a spell at you.
You are more confused.
Sigmund hits you from afar with a +0 scythe.
Sigmund mumbles some strange words.
Sigmund flickers and vanishes!
Deactivating autopickup; reactivate with Ctrl-A.
You shoot a sling bullet. Something hits you!
You shoot a sling bullet. Something hits you.
You shoot a sling bullet. Something hits you.
You shoot a sling bullet.
You hear some strange, mumbled words.
A puff of flame appears from out of thin air!
The puff of flame hits you!
You shoot a sling bullet.
You feel less confused.
You hear some strange, mumbled words.
You are confused.
You shoot a sling bullet. Something hits you but does no damage.
You shoot a sling bullet. Something hits you.
You shoot a sling bullet. You shoot a sling bullet.
Something completely misses you.
You shoot a sling bullet.
You feel less confused. Something hits you but does no damage.
You shoot a sling bullet.
A magic dart appears from out of thin air!
The magic dart hits you but does no damage.
You shoot a sling bullet. Something hits you.
You die...

####....##...
....%..## ##^.# ##
..##%..# #.# #..
.###.#.# #.# .. .#
#.#.## ..##.# ..
#.#..######....## ..
#..#............#
..###....#######.$.##
..####...# ##..@.{.#
......#..####..####..#
.............## ...
.....#.......## .
########....## ######


There were no monsters in sight!

Vanquished Creatures
  3 adders (D:2)
  9 ball pythons
  A bat (D:1)
  5 endoplasms
  2 giant cockroaches
  6 goblins (D:1)
  3 hobgoblins
  A quokka (D:1)
  2 frilled lizards
  2 kobolds (D:1)
34 creatures vanquished.

Notes
Turn   | Place    | Note
-------+----------+-------------------------------------------
     0 | D:1      | qw the Gargoyle Hexslinger began the quest for the Orb.
     0 | D:1      | Reached XP level 1. HP: 12/12 MP: 2/2
     0 | D:1      | 0 ||| qw: Version: 0.3-a-32-g5962c71
     0 | D:1      | 0 ||| qw: Game counter: 7596
     0 | D:1      | 0 ||| qw: Melee chars always use a shield: true
     0 | D:1      | 0 ||| qw: God list: Okawaru
     0 | D:1      | 0 ||| qw: Allow faded altars: false
     0 | D:1      | 0 ||| qw: Do Orc after clearing Dungeon:15 true
     0 | D:1      | 0 ||| qw: Do second Lair branch before Depths: true
     0 | D:1      | 0 ||| qw: Lair rune preference: random
     0 | D:1      | 0 ||| qw: Goals: Normal
     0 | D:1      | 0 ||| PLANNING D:1-11
    72 | D:1      | Reached XP level 2. HP: 16/16 MP: 3/3
   147 | D:1      | Reached skill level 3 in Ranged Weapons
   407 | D:1      | Reached XP level 3. HP: 21/21 MP: 4/4
   574 | D:1      | 574 ||| UPGRADING to +0 helmet.
   579 | D:1      | 579 ||| UPGRADING to +4 ring of protection.
   580 | D:1      | 580 ||| READING scroll labelled TEEF FESKOCSAI.
   581 | D:1      | 581 ||| DROPPING scroll of poison.
   719 | D:2      | Found a runed translucent door.
   720 | D:2      | Noticed Crazy Yiuf
   885 | D:2      | Reached XP level 4. HP: 24/26 MP: 5/5
   886 | D:2      | Reached skill level 4 in Ranged Weapons
   927 | D:2      | Noticed Sigmund
   940 | D:2      | HP: 3/26 [something/puff of flame (7)]
   948 | D:2      | Slain by Sigmund

Levels and vault maps discovered:
D:1:      ldierk_walled_garden, layout_basic
D:2:      layout_rooms, grunt_ministairs_10, uniq_crazy_yiuf_cottage,
          uniq_sigmund

Skill      XL: |  1  2  3  4 |
---------------+-------------+-----
Ranged Weapons | 3 4 |  4.0
Fighting       | 2 |  2.0
Dodging        | |  1.5
Spellcasting   | |  1.0
Hexes          | |  2.6

Action                     |  1- 3 |  4- 6 || total
---------------------------+-------+-------++-------
   Fire: Sling             |    99 |    17 ||   116
    Use: Scroll            |     1 |       ||     1
 Armour: Robe              |    29 |     3 ||    32
  Dodge: Dodged            |    52 |     1 ||    53

Table legend:
 A = Non-vault XP
 B = Vault XP
 C = Vault XP percentage of total XP
 D = Non-vault monster count
 E = Vault monster count
 F = Vault count percentage of total count
                 A         B        C        D         E       F
            +---------+---------+-------+---------+---------+-------
      Total |      95 |       0 |   0.0 |      34 |       0 |   0.0
            +---------+---------+-------+---------+---------+-------
        D:1 |      38 |       0 |   0.0 |      21 |       0 |   0.0
        D:2 |      57 |       0 |   0.0 |      13 |       0 |   0.0
            +---------+---------+-------+---------+---------+-------
